 Dungeon Crawl Stone Soup version 0.29.1-13-g9f3cf754e1 (webtiles) character file.

Game seed: 7412589928537467981

50 Exodus22XD the Trooper (level 3, 33/33 HPs)
             Began as a Minotaur Fighter on Feb 4, 2023.
             Was a Follower of Trog.
             Quit the game on level 1 of the Dungeon.
             The game lasted 00:00:48 (1048 turns).

Exodus22XD the Trooper (Minotaur Fighter)           Turns: 1048, Time: 00:00:49

Health: 33/33      AC:  9    Str: 22    XL:     3   Next: 55%
Magic:  2/2        EV:  7    Int:  5    God:    Trog [*.....]
Gold:   28         SH:  4    Dex:  9    Spells: 2/2 levels left

rFire   . . .      SeeInvis .   a - +0 war axe
rCold   . . .      Faith    .   c - +0 buckler
rNeg    . . .      Spirit   .   f - +0 chain mail
rPois   +          Reflect  .   (helmet restricted)
rElec   .          Harm     .   (no cloak)
rCorr   .          Rampage  .   (no gloves)
Will    .....                   (no boots)
Stlth   ..........              (no amulet)
HPRegen 0.11/turn               k - ring of poison resistance
MPRegen 0.08/turn               (no ring)

@: no status effects
A: horns 2, retaliatory headbutt
a: Renounce Religion, Berserk


You were on level 1 of the Dungeon.
You worshipped Trog.
Trog was aware of your devotion.
You visited 1 branch of the dungeon, and saw 1 of its levels.

You collected 28 gold pieces.

Inventory:

Hand Weapons
 a - a +0 war axe (weapon)
 g - a +1 spear of venom
Armour
 c - a +0 buckler (worn)
 f - a +0 chain mail (worn)
Jewellery
 k - a ring of poison resistance (left hand)
Scrolls
 b - a scroll of blinking {unknown}
 e - 4 scrolls of teleportation {unknown}
 j - a scroll of amnesia {unknown}
 l - 2 scrolls of identify {unknown}
 n - a scroll of enchant armour {unknown}
Potions
 d - a potion of might
 h - a potion of lignification {unknown}
 i - a potion of experience {unknown}
 m - a potion of heal wounds {unknown}


   Skills:
 + Level 4.3 Fighting
 + Level 3.1 Axes
 + Level 4.2 Armour
 + Level 4.1 Shields


You had 2 spell levels left.
You didn't know any spells.
Your spell library was empty.

Dungeon Overview and Level Annotations

Branches:
Dungeon (1/15)

Altars:
Trog


Innate Abilities, Weirdness & Mutations

You have a pair of horns on your head.
You reflexively headbutt those who attack you in melee.


Message History

The kobold shouts!
A kobold is nearby!
A kobold is nearby!
The kobold hits you but does no damage.
A kobold is nearby!
You hit the kobold but do no damage. The kobold barely misses you.
A kobold is nearby!
You hit the kobold but do no damage. You block the kobold's attack.
The kobold hits you but does no damage.
A kobold is nearby!
You closely miss the kobold. The kobold hits you with a +0 club.
A kobold is nearby!
You barely miss the kobold. Your headbutt misses the kobold.
The kobold hits you but does no damage.
A kobold is nearby!
You hit the kobold but do no damage. Your headbutt misses the kobold.
The kobold completely misses you. You furiously retaliate!
You headbutt the kobold. The kobold hits you but does no damage.
A kobold is nearby!
You closely miss the kobold. Your headbutt misses the kobold.
The kobold is moderately wounded.
The kobold hits you with a +0 club.
A kobold is nearby!
You hit the kobold but do no damage.
The kobold is moderately wounded.
The kobold hits you but does no damage.
A kobold is nearby!
You hit the kobold.
You kill the kobold!
Trog accepts your kill.
e - 4 scrolls labelled HAEKUPR VOMO (gained 1) Done exploring.
No target in view!
Done exploring.
No target in view!
Done exploring.
No target in view!
Done exploring.
No target in view!
Are you sure you want to abandon this character and quit the game? (Confirm with "yes".)

#...####
#≈≈≈
#...#
####≈
#...#
#....
#...#
#####
###...###
#.......#
#.......#
#.......#
#....@..#
#.......#
#########


There were no monsters in sight!

Vanquished Creatures
  A gnoll (D:1)
  A dart slug (D:1)
  3 ball pythons (D:1)
  A giant cockroach (D:1)
  4 goblins (D:1)
  4 hobgoblins (D:1)
  9 jackals (D:1)
  2 kobolds (D:1)
  A quokka (D:1)
  4 bats (D:1)
  A frilled lizard (D:1)
  A rat (D:1)
32 creatures vanquished.

Notes
Turn   | Place    | Note
-------+----------+-------------------------------------------
     0 | D:1      | Exodus22XD the Minotaur Fighter began the quest for the
                  | Orb.
     0 | D:1      | Reached XP level 1. HP: 19/19 MP: 0/0
    31 | D:1      | Reached XP level 2. HP: 21/27 MP: 1/1
   180 | D:1      | Reached XP level 3. HP: 25/33 MP: 2/2
   648 | D:1      | Found a faded altar of an unknown god.
   656 | D:1      | Prayed at the altar of an unknown god.
   656 | D:1      | Became a worshipper of Trog the Wrathful
   656 | D:1      | Reached * piety under Trog
  1048 | D:1      | Quit the game

Illustrated notes

Levels and vault maps discovered:
D:1:      dpeg_arrival_pond, layout_basic, hellmonk_ecumenical_altar_dog_temple

Skill      XL: |  1  2  3 |
---------------+----------+-----
Fighting       | 4 |  4.3
Armour         | 4 |  4.2
Shields        | 4 |  4.1
Axes           | 3 |  3.1

Action                   || total
-------------------------++-------
Melee: War axe           ||    60
       Headbutt          ||     7
Armor: Scale mail        ||    17
       Chain mail        ||    21
Dodge: Dodged            ||    21
Block: Buckler           ||    16
